 Dungeon Crawl Stone Soup version 0.31-a0-277-g31ea1f65cc (webtiles) character file.

Game seed: 6769719281259319147

21254 mopl the Grappler (level 12, -2/84 HPs)
             Began as an Octopode Shapeshifter on July 15, 2023.
             Was a High Priest of Dithmenos.
             Killed from afar by an orc wizard (6 damage)
             ... with a magic dart
             ... on level 12 of the Dungeon.
             The game lasted 00:26:31 (13595 turns).

mopl the Grappler (Octopode Shapeshifter)          Turns: 13595, Time: 00:26:32

Health: -2/84      AC:  1    Str: 15    XL:     12   Next: 88%
Magic:  13/13      EV: 22    Int: 25    God:    Dithmenos [*****.]
Gold:   241        SH:  5    Dex: 14    Spells: 9/11 levels left

rFire   + .          .
                       - Unarmed
rCold   . . .        (no shield)
rNeg    . . .        (helmet currently unavailable)
rPois   .            k - amulet of reflection
rElec   .            j - ring of resist corrosion
rCorr   +            y - ring of protection from fire
SInv    .            x - +6 ring of intelligence
Will    .....        B - +5 ring of evasion
Stlth   +++++++++    F - +6 ring of intelligence
HPRegen 0.34/turn    (no ring)
MPRegen 0.13/turn    (no ring)
                     (no ring)

%: reflection
@: beast-form, wreathed by umbra, studying Unarmed Combat
A: beast (slay +5), almost no armour, amphibious, 8 rings, camouflage 1,
gelatinous body 1, (nimble swimmer 1), tentacles
a: Begin Untransformation, Renounce Religion, Shadow Step, Shadow Form


You were on level 12 of the Dungeon.
You worshipped Dithmenos.
Dithmenos was extremely pleased with you.
You were a hulking beast.
You visited 2 branches of the dungeon, and saw 13 of its levels.
You also visited: Sewer.

You collected 659 gold pieces.
You spent 418 gold pieces at shops.

Inventory:

Hand Weapons
 l - a +1 dagger of venom
 s - a +1 halberd of flaming
 K - a +2 scimitar of flaming
 P - the +12 pair of quick blades "Gyre" and "Gimble" {protect}
   (You found it on level 10 of the Dungeon)
Missiles
 C - 7 boomerangs
 D - 12 poisoned darts (quivered)
 E - 5 curare-tipped darts
 Q - 2 boomerangs of dispersal
 R - 6 datura-tipped darts
Magical Staves
 p - a staff of poison
Jewellery
 j - a ring of resist corrosion (left tentacle)
 k - an amulet of reflection (around mantle)
 x - a +6 ring of intelligence (on tentacle)
 y - a ring of protection from fire (right tentacle)
 B - a +5 ring of evasion (on tentacle)
 F - a +6 ring of intelligence (on tentacle)
Talismans
 b - a beast talisman
 f - a maw talisman
 H - a blade talisman
Wands
 t - a wand of quicksilver (5)
Scrolls
 c - 5 scrolls of noise {unknown}
 d - 3 scrolls of immolation
 h - 2 scrolls of amnesia
 i - 2 scrolls of revelation
 n - 2 scrolls of torment {!r}
 o - 3 scrolls of enchant weapon
 r - 2 scrolls of fog
 w - 3 scrolls of blinking {unknown}
 G - 5 scrolls of teleportation
 M - a scroll of summoning
 N - a scroll of vulnerability
 O - a scroll of poison
Potions
 a - 2 potions of lignification {!q}
 e - 11 potions of curing
 g - 4 potions of resistance
 m - 6 potions of invisibility
 q - 5 potions of mutation {!q}
 u - 5 potions of cancellation
 v - 2 potions of enlightenment
 z - 3 potions of magic
 A - 2 potions of ambrosia
 I - a potion of berserk rage {!q}
 J - 2 potions of brilliance
 L - 2 potions of heal wounds


   Skills:
 + Level 8.9 Fighting
 + Level 4.7 Throwing
 + Level 8.8 Dodging
 + Level 11.2 Stealth
 * Level 13.2 Unarmed Combat
 + Level 1.8 Invocations
 + Level 7.7 Shapeshifting


You had 9 spell levels left.
You knew the following spells:

 Your Spells              Type           Power      Damage    Failure   Level
e - Blink                 Tloc           0%         N/A       21%         2

Your spell library contained the following spells:

 Spells                   Type           Power      Damage    Failure   Level
 Magic Dart               Conj           0%         1d3       14%         1
 Necrotise                Necr           0%         1d4       14%         1
 Cigotuvi's Dreadful Rot  Necr/Pois/Air  0%         N/A       21%         2
 Searing Ray              Conj           0%         2d4       21%         2
 Hailstorm                Conj/Ice       0%         3d3       38%         3
 Ozocubu's Armour         Ice            0%         N/A       38%         3
 Tukima's Dance           Hex            0%         N/A       38%         3
 Vampiric Draining        Necr           0%         2d6       38%         3
 Dispel Undead            Necr           0%         3d6       80%         4
 Fulminant Prism          Conj/Hex       0%         3d5       80%         4
 Manifold Assault         Tloc           0%         N/A       80%         4
 Passage of Golubria      Tloc           0%         N/A       80%         4
 Summon Ice Beast         Ice/Summ       0%         N/A       80%         4
 Agony                    Necr           0%         N/A       98%         5
 Alistair's Intoxication  Tmut/Pois      0%         N/A       98%         5
 Borgnjor's Vile Clutch   Necr/Erth      0%         N/A       98%         5
 Yara's Violent Unravell  Hex/Tmut       0%         3d3       98%         5
 Death Channel            Necr           0%         N/A       100%        6
 Eringya's Noxious Bog    Tmut/Pois      0%         4d6       100%        6
 Simulacrum               Ice/Necr       0%         N/A       100%        6
 Haunt                    Necr/Summ      0%         N/A       100%        7
 Ozocubu's Refrigeration  Ice            0%         4d7       100%        7
 Borgnjor's Revivificati  Necr           0%         N/A       100%        8
 Death's Door             Necr           0%         N/A       100%        9


Dungeon Overview and Level Annotations

Branches:
Dungeon (12/15)            Temple (0/1) D:5            Lair (0/5) D:9
    Orc (1/2) D:12          Sewer (visited)

Altars:
Ashenzari
Cheibriados
Dithmenos
Elyvilon
Gozag
Hepliaklqana
Okawaru
Trog
Yredelemnul
The Shining One

Shops:
D:3 !   D:9 [   Orc:1 =


Innate Abilities, Weirdness & Mutations

You are a hulking beast.
Your limbs bulge with bestial killing power. (Slay +5)
You cannot wear most types of armour.
You are amphibious.
You can wear up to eight rings at the same time.
Your skin changes colour to match your surroundings (Stealth+).
Your rubbery body absorbs attacks. (AC +1, EV +1)
((You are camouflaged when in or above water. (Stealth+)))
You have tentacles for arms and can constrict up to eight enemies at once.


Message History

The orc warrior is heavily wounded.
You constrict the orc warrior, but do no damage.
Something hits you.
* * * LOW HITPOINT WARNING * * *
Deactivating autopickup; reactivate with Ctrl-A.
The orc warrior closely misses you.
You tentacle-slap the orc warrior but do no damage.
The orc warrior is heavily wounded.
You constrict the orc warrior, but do no damage.
Something hits you.
* * * LOW HITPOINT WARNING * * *
The orc warrior hits you with a +0 halberd!
* * * LOW HITPOINT WARNING * * *
You bludgeon the orc warrior!
You tentacle-slap the orc warrior, but do no damage.
You squeeze the orc warrior.
The orc warrior is severely wounded.
You constrict the orc warrior. Something closely misses you.
The orc warrior barely misses you.
Unknown command.
You bludgeon the orc warrior!
You kill the orc warrior!
Dithmenos accepts your kill.
Unknown command.
Something closely misses you.
There is a staircase back to the Dungeon here.
You hear some strange, mumbled words.
A magic dart appears from out of thin air!
The magic dart hits you!
* * * LOW HITPOINT WARNING * * *
You climb upwards.
Welcome back to the Dungeon!
Reactivating autopickup.
There is a staircase to the Orcish Mines here.
Deactivating autopickup; reactivate with Ctrl-A.
You miss something. Something hits you but does no damage.
You miss something. You squeeze something.
You hear some strange, mumbled words.
A magic dart appears from out of thin air!
The magic dart hits you.
You die...

##...).........##................
.....#.#.........###.............
..........)).[...................
≈≈≈≈≈≈≈≈≈≈≈≈≈≈≈≈≈≈≈≈.............
≈≈≈≈≈≈≈≈≈≈≈≈≈≈≈≈≈≈≈≈.............
##################≈≈.............
...............≈)#≈≈.............
...............###≈≈.............
......8........{h#≈≈.............
..............[###≈≈.............
...............≈)#≈≈..........[..
##################≈≈.............
≈≈≈≈≈≈≈≈≈≈†≈≈≈≈≈≈≈≈≈......#######
≈≈≈≈≈≈≈≈≈≈≈≈≈≈≈≈≈≈≈≈......#
..........................#
##########.######.........#
#................#


There were no monsters in sight!

Vanquished Creatures
  Erolcha (D:9)
  Erica (D:8)
  2 boulder beetles
  A centaur warrior (D:10)
  2 two-headed ogres
  Sonja (D:10)
  3 skeletal warriors (D:12)
  Pikel (D:8)
  3 deep elf pyromancers
  A manticore (D:12)
  An ugly thing (D:12)
  3 cyclopes
  A gargoyle (D:10)
  A komodo dragon (D:11)
  2 trolls
  A hornet (D:9)
  5 dream sheep (D:12)
  Prince Ribbit (D:9)
  3 water elementals (D:12)
  2 wyverns
  A vampire (D:9)
  A wraith (D:12)
  3 shadows
  12 yaks
  6 vampire mosquitoes
  An acid dragon (D:11)
  2 water moccasins
  10 orc warriors
  2 sky beasts (D:7)
  An ice beast (D:5)
  2 black bears
  An ogre (D:4)
  7 centaurs
  3 phantoms
  2 kobold brigands
  4 bullfrogs
  2 scorpions (D:5)
  A gnoll sergeant (D:9)
  9 killer bees (D:9)
  7 electric eels (D:12)
  A quasit (D:6)
  2 hounds
  3 jellies (Sewer)
  8 orc priests
  A gnoll bouda (D:7)
  Terence (D:2)
  3 iguanas
  9 orc wizards
  Natasha (thrice) (D:2)
  Robin (D:2)
  16 gnolls
  7 adders
  A shadow imp (D:6)
  3 white imps (D:6)
  2 worms (D:2)
  2 dart slugs
  54 orcs
  5 ball pythons
  11 endoplasms
  7 giant cockroaches
  12 goblins
  8 hobgoblins
  2 jackals (D:1)
  11 kobolds
  2 quokkas
  5 bats
  4 frilled lizards
  10 rats
307 creatures vanquished.

Vanquished Creatures (others)
  An unseen horror (D:12)
  An orc wizard (D:12)
2 creatures vanquished.

Grand Total: 309 creatures vanquished

Notes
Turn   | Place    | Note
-------+----------+-------------------------------------------
     0 | D:1      | mopl the Octopode Shapeshifter began the quest for the Orb.
     0 | D:1      | Reached XP level 1. HP: 14/14 MP: 1/1
   215 | D:1      | Reached XP level 2. HP: 18/19 MP: 2/2
  1049 | D:2      | Noticed Robin
  1053 | D:2      | Reached XP level 3. HP: 24/24 MP: 3/3
  1068 | D:2      | Killed Robin
  1226 | D:2      | Noticed Natasha
  1232 | D:2      | Killed Natasha
  1233 | D:2      | Reached skill level 3 in Unarmed Combat
  1233 | D:2      | Reached XP level 4. HP: 30/30 MP: 4/4
  1419 | D:2      | Noticed Terence
  1432 | D:2      | Killed Terence
  1577 | D:2      | Reached XP level 5. HP: 36/36 MP: 5/5
  1717 | D:2      | Noticed Natasha
  1724 | D:2      | Killed Natasha
  1725 | D:2      | Reached skill level 3 in Fighting
  1734 | D:2      | Noticed Natasha
  1740 | D:2      | Killed Natasha
  2011 | D:3      | Found Mozom's Distillery.
  2016 | D:3      | Bought a potion of curing for 33 gold pieces
  2016 | D:3      | Bought 2 potions of degeneration for 22 gold pieces
  2023 | D:3      | Found a shadowy altar of Dithmenos.
  2031 | D:3      | Became a worshipper of Dithmenos the Shadowed
  2088 | D:3      | Reached skill level 3 in Dodging
  2207 | D:2      | Reached skill level 4 in Unarmed Combat
  2247 | D:3      | Reached XP level 6. HP: 5/42 MP: 6/6
  2594 | D:3      | Found an opulent altar of Gozag.
  2594 | D:3      | Noticed a black bear
  2614 | D:3      | Killed a black bear
  2615 | D:3      | Reached skill level 1 in Stealth
  2945 | D:3      | Found a bloodstained altar of Trog.
  2945 | D:3      | Found a basalt altar of Yredelemnul.
  2946 | D:3      | Found a white marble altar of Elyvilon.
  3404 | D:3      | Bought a potion of heal wounds for 55 gold pieces
  3537 | D:4      | Reached * piety under Dithmenos
  3546 | D:4      | Reached skill level 2 in Stealth
  3546 | D:4      | Reached XP level 7. HP: 4/46 MP: 7/7
  3998 | D:4      | Reached skill level 4 in Shapeshifting
  4276 | D:5      | Entered Level 5 of the Dungeon
  4447 | D:6      | Found a glowing golden altar of the Shining One.
  4544 | D:6      | Found a hazy altar of Hepliaklqana.
  4559 | D:6      | Found a glowing drain.
  4570 | Sewer    | Entered a sewer
  4611 | Sewer    | Reached skill level 5 in Unarmed Combat
  4751 | Sewer    | Found a shimmering altar of Xom.
  4770 | Sewer    | Reached skill level 4 in Fighting
  4770 | Sewer    | Reached skill level 3 in Stealth
  4885 | D:6      | Reached skill level 4 in Dodging
  4900 | D:6      | Learned a level 2 spell: Blink
  4919 | D:7      | Found a snail-covered altar of Cheibriados.
  5069 | D:7      | HP: 2/48 [gnoll/+0 flail[a gnoll bouda] (8)]
  5075 | D:7      | Reached XP level 8. HP: 26/54 MP: 8/8
  5390 | D:6      | Reached skill level 4 in Stealth
  5390 | D:6      | Reached skill level 6 in Unarmed Combat
  5555 | D:5      | Reached ** piety under Dithmenos
  5818 | D:5      | Found a staircase to the Ecumenical Temple.
  5853 | D:5      | Reached skill level 5 in Fighting
  5853 | D:5      | Reached skill level 5 in Stealth
  6063 | D:5      | Reached skill level 5 in Dodging
  6063 | D:5      | Reached XP level 9. HP: 61/61 MP: 9/9
  6121 | D:5      | Reached skill level 7 in Unarmed Combat
  6220 | D:5      | Reached skill level 5 in Shapeshifting
  6654 | D:3      | Bought a potion of berserk rage for 55 gold pieces
  6654 | D:3      | Bought a potion of brilliance for 44 gold pieces
  7220 | D:7      | Reached skill level 6 in Stealth
  7656 | D:8      | Noticed a two-headed ogre
  7669 | D:8      | Killed a two-headed ogre
  7670 | D:8      | Reached skill level 8 in Unarmed Combat
  7746 | D:8      | Noticed Erica
  7766 | D:8      | Killed Erica
  7767 | D:8      | Reached skill level 6 in Fighting
  7767 | D:8      | Reached skill level 6 in Dodging
  7767 | D:8      | Reached skill level 7 in Stealth
  7767 | D:8      | Reached XP level 10. HP: 68/68 MP: 10/10
  7982 | D:8      | Noticed Pikel
  7997 | D:8      | Killed Pikel
  7997 | D:8      | Reached *** piety under Dithmenos
  7998 | D:8      | Reached skill level 9 in Unarmed Combat
  8316 | D:9      | Found an iron altar of Okawaru.
  8382 | D:9      | Found Mitoh's Antique Armour Shoppe.
  8400 | D:9      | Reached skill level 6 in Shapeshifting
  8455 | D:9      | Found a staircase to the Lair.
  8645 | D:9      | Reached skill level 8 in Stealth
  8755 | D:9      | Noticed Erolcha
  8842 | D:9      | Killed Erolcha
  8843 | D:9      | Reached skill level 7 in Fighting
  8843 | D:9      | Reached skill level 7 in Dodging
  8863 | D:9      | Noticed Prince Ribbit
  8878 | D:9      | Killed Prince Ribbit
  8879 | D:9      | Reached skill level 10 in Unarmed Combat
  8879 | D:9      | Reached XP level 11. HP: 75/75 MP: 11/11
  9206 | D:9      | Reached skill level 9 in Stealth
  9454 | D:10     | Entered Level 10 of the Dungeon
  9464 | D:10     | Found a broken altar of Ashenzari.
  9479 | D:10     | Noticed a two-headed ogre
  9557 | D:10     | Noticed a boulder beetle
  9579 | D:10     | Killed a boulder beetle
  9600 | D:10     | Noticed a cyclops
  9610 | D:10     | Killed a cyclops
  9611 | D:10     | Reached skill level 1 in Throwing
  9635 | D:10     | Found the +12 pair of quick blades "Gyre" and "Gimble"
                  | {protect}
  9637 | D:10     | Noticed a centaur warrior
  9646 | D:10     | Killed a centaur warrior
  9669 | D:10     | Noticed a deep elf pyromancer
  9679 | D:10     | Killed a deep elf pyromancer
  9861 | D:10     | Noticed Sonja
  9885 | D:10     | Killed Sonja
  9886 | D:10     | Reached skill level 2 in Throwing
 10245 | D:10     | Reached skill level 11 in Unarmed Combat
 10245 | D:10     | Reached skill level 7 in Shapeshifting
 10249 | D:10     | Reached skill level 8 in Fighting
 10591 | D:10     | Reached **** piety under Dithmenos
 10952 | D:3      | Bought a potion of resistance for 110 gold pieces
 10952 | D:3      | Bought 2 potions of lignification for 66 gold pieces
 10952 | D:3      | Bought a potion of curing for 33 gold pieces
 10964 | D:3      | Identified a scroll of acquirement
 10968 | D:3      | Acquired a manual of Unarmed Combat
 11204 | D:11     | Reached skill level 8 in Dodging
 11204 | D:11     | Reached skill level 10 in Stealth
 11462 | D:11     | Noticed a boulder beetle
 11484 | D:11     | Killed a boulder beetle
 11485 | D:11     | Reached skill level 3 in Throwing
 11485 | D:11     | Reached XP level 12. HP: 82/82 MP: 12/12
 11531 | D:11     | Noticed a two-headed ogre
 11554 | D:11     | Killed a two-headed ogre
 12323 | D:12     | Reached skill level 12 in Unarmed Combat
 12516 | D:12     | Found the +5 robe of Night {Dark Will+ SInv}
 12551 | D:12     | Reached skill level 4 in Throwing
 13007 | D:12     | Reached skill level 11 in Stealth
 13007 | D:12     | Reached skill level 1 in Invocations
 13029 | D:12     | Reached skill level 13 in Unarmed Combat
 13327 | D:12     | Found a staircase to the Orcish Mines.
 13497 | Orc:1    | Entered Level 1 of the Orcish Mines
 13497 | Orc:1    | Found Leotig's Jewellery Shoppe.
 13581 | Orc:1    | Reached ***** piety under Dithmenos
 13592 | Orc:1    | HP: 3/84 [something/magic dart (8)]
 13595 | D:12     | Killed from afar by an orc wizard

Illustrated notes

Levels and vault maps discovered:
D:1:      minmay_arrival_shattered_statue, layout_loops_corners
D:2:      layout_loops_corners, uniq_terence, uniq_robin, uniq_natasha
D:3:      layout_basic, nicolae_dithmenos_shadow_blocks,
          nicolae_gozag_seed_capital, gammafunk_temple_overflow_forgotten,
          serial_shops, shop, minmay_misc_feat_doors,
          nicolae_elevator_lobby_asterisk
D:4:      layout_gridville
D:5:      layout_gridville, minmay_temple_entry_drinking_statues
D:6:      layout_gridville, mainiacjoe_overflow_concentric_impassable,
          lemuel_crystal_altar, serial_demonic, serial_demonic_g,
          serial_demonic_d, serial_demonic_c, serial_demonic_b,
          portal_sewer_entry_d
D:7:      layout_basic, mainiacjoe_overflow_tiny_flanked
D:8:      layout_loops_ring, uniq_pikel, uniq_erica
D:9:      layout_roguey, okawaru_ov_weapons_minmay, dpeg_oklobed_lair,
          serial_shops, shop, st_stairs_6, uniq_prince_ribbit1, uniq_erolcha
D:10:     layout_irregular_city, lemuel_round_altar, minmay_diamond_spiral,
          uniq_sonja
D:11:     layout_roguey
D:12:     layout_basic, erik_orc_2, hellmonk_guarded_unrand_night
Orc:1:    layout_caves, serial_shops, nicolae_shop_hallway_stairs

Skill      XL: |  1  2  3  4  5  6  7  8  9 10 11 12 |
---------------+-------------------------------------+-----
Unarmed Combat | 3 4 5 6 8 10 11 13 | 13.2
Fighting       | 3 4 5 6 7 8 |  8.9
Dodging        | 3 4 5 6 7 8 |  8.8
Stealth        | 2 3 5 7 8 10 11 | 11.2
Shapeshifting  | 4 5 6 7 |  7.7
Throwing       | 3 4 |  4.7
Invocations    | 1 |  1.8

Action                     |  1- 3 |  4- 6 |  7- 9 | 10-12 || total
---------------------------+-------+-------+-------+-------++-------
  Melee: Unarmed           |    54 |    85 |   245 |   402 ||   786
         Constrict         |    16 |    25 |    41 |    65 ||   147
         Tentacles         |    12 |    18 |    47 |    99 ||   176
         Punch             |       |     8 |    10 |    38 ||    56
         Dagger            |       |     8 |       |       ||     8
  Throw: Dart              |       |       |       |    13 ||    13
Ability: Begin Untransform |     1 |       |     1 |     1 ||     3
  Evoke: Wand              |       |       |       |     3 ||     3
    Use: Potion            |       |       |     3 |     2 ||     5
         Scroll            |       |       |       |    19 ||    19
   Stab: Sleeping          |     3 |    11 |    28 |    22 ||    64
         Distracted        |       |       |     1 |     1 ||     2
 Armour: Skin              |     3 |     2 |    53 |    22 ||    80
  Dodge: Dodged            |    24 |    40 |   127 |   250 ||   441
  Block: Other             |       |     4 |    47 |    65 ||   116
         Reflection        |       |       |     3 |     6 ||     9
   Form: Beast             |     1 |       |     1 |     1 ||     3
         Blade             |       |       |     1 |       ||     1
         Maw               |       |       |       |     1 ||     1

Table legend: (Time is in decaauts)
 A = Elapsed time spent in this place.
 B = Non-inter-level travel time spent in this place.
 C = Inter-level travel time spent in this place.
 D = Time resting spent in this place.
 E = Time spent auto-exploring this place.
 F = Levels seen in this place.
 G = Mean time per level.
                   A        B        C        D        E       F      G
               +--------+--------+--------+--------+--------+-----+--------+
         Total |  13503 |  12542 |    961 |   3028 |   6906 |  14 |  964.5 |
       Dungeon |  13157 |  12197 |    960 |   2983 |   6788 |  12 | 1096.4 |
  Orcish Mines |     90 |     90 |      0 |      0 |     38 |   1 |   90.0 |
         Sewer |    255 |    255 |      0 |     45 |     80 |   1 |  255.0 |
               +--------+--------+--------+--------+--------+-----+--------+

Top non-repeatable levels by time:
    D:12: 1630 daAuts
     D:3: 1523 daAuts
    D:10: 1354 daAuts
     D:2: 1132 daAuts
     D:7: 1099 daAuts
     D:6: 1027 daAuts
     D:9: 988 daAuts
     D:8: 985 daAuts
     D:1: 913 daAuts
     D:4: 913 daAuts
     D:5: 894 daAuts
    D:11: 693 daAuts
   Sewer: 255 daAuts
   Orc:1: 90 daAuts
